 Dungeon Crawl Stone Soup version 0.30-a0-715-gdb4ae3ece1 (webtiles) character file.

Game seed: 13875662920230776235

48 inmateoo the Ruffian (level 3, -3/26 HPs)
             Began as a Demonspawn Wanderer on Jan 24, 2023.
             Slain by a gnoll
             ... wielding a +0 club
              (7 damage)
             ... on level 2 of the Dungeon.
             The game lasted 00:01:44 (1055 turns).

inmateoo the Ruffian (Demonspawn Wanderer)          Turns: 1055, Time: 00:01:45

Health: -3/26      AC:  2    Str: 14    XL:     3   Next: 50%
Magic:  4/4        EV: 11    Int: 15    God:
Gold:   40         SH:  0    Dex: 10    Spells: 3/4 levels left

rFire   . . .      SeeInvis .      - Unarmed
rCold   . . .      Faith    .    (no shield)
rNeg    . . .      Spirit   .    d - +0 robe
rPois   .          Reflect  .    (no helmet)
rElec   .          Harm     .    (no cloak)
rCorr   .          Rampage  .    (no gloves)
Will    .....                    (no boots)
Stlth   +                        (no amulet)
HPRegen 0.24/turn                (no ring)
MPRegen 0.09/turn                (no ring)

@: no status effects
A: foul stench 2
a: no special abilities


You were on level 2 of the Dungeon.
You visited 1 branch of the dungeon, and saw 2 of its levels.

You collected 40 gold pieces.

Inventory:

Hand Weapons
 a - a +0 club
Armour
 d - a +0 robe (worn)
Jewellery
 g - a +6 ring of strength
Scrolls
 c - a scroll of fear
 e - 2 scrolls of blinking
 f - a scroll of poison {unknown}
 h - 2 scrolls of identify {unknown}
 i - a scroll of immolation {unknown}
 j - 2 scrolls of brand weapon {unknown}
 k - a scroll of vulnerability {unknown}
Miscellaneous
 b - a piece from Xom's chessboard (15/15)


   Skills:
 - Level 1.0 Fighting
 + Level 4.8 Unarmed Combat
 - Level 1.0 Spellcasting
 - Level 1.7 Transmutations
 - Level 2.0 Evocations


You had 3 spell levels left.
You knew the following spells:

 Your Spells              Type           Power      Damage    Failure   Level
a - Beastly Appendage     Tmut           12%        N/A       12%         1

Your spell library contained the following spells:

 Spells                   Type           Power      Damage    Failure   Level
 Spider Form              Tmut/Pois      3%         N/A       45%         3


Dungeon Overview and Level Annotations

Branches:
Dungeon (2/15)

Altars:


Innate Abilities, Weirdness & Mutations

You sometimes emit foul miasma when damaged in melee.


Message History

The gnoll hits you from afar with a +0 halberd!
The gnoll hits you with a +0 spear.
You climb upwards.
There is a stone staircase leading down here.
You are too injured to fight recklessly!
You are too injured to fight recklessly!
You are too injured to fight recklessly!
You are too injured to fight recklessly!
You are too injured to fight recklessly!
You closely miss the gnoll. The gnoll hits you with a +0 spear.
You hit the gnoll.
The gnoll is moderately wounded.
The gnoll closely misses you.
You hit the gnoll.
The gnoll is heavily wounded.
The gnoll misses you.
You barely miss the gnoll.
The gnoll is heavily wounded.
The gnoll barely misses you.
You closely miss the gnoll.
The gnoll is heavily wounded.
The gnoll hits you but does no damage.
You punch the gnoll!
You kill the gnoll!
Things that are here:
a +0 spear; a gnoll corpse You start resting.
HP restored.
There is a stone staircase leading down, spattered with blood here.
You climb downwards.
The gnoll hits you with a +0 halberd!
Ouch! That really hurt!
The gnoll hits you with a +0 club.
You emit a cloud of foul miasma!
The gnoll is engulfed in dark miasma.
The gnoll is poisoned.
The gnoll hits you with a +0 club.
* * * LOW HITPOINT WARNING * * *
The gnoll barely misses you.
There is a stone staircase leading up, spattered with blood here.
The gnoll closely misses you.
The gnoll is engulfed in dark miasma.
The gnoll looks even sicker.
The gnoll hits you with a +0 club!
You die...

######## ###########
#..†...#
..........###.####.#
###...........# #.#
#.#####.########.#
#.# #.#####g@..# #.#
#....).g#### #.#
#.#####.# #.# #.# #.#
###.#####.# #.#
.......##g# #.##
..#.##.##.# ##.##
#.#.##.##g#####.#.##
#.#.#....g.......#.##


You could see 2 gnolls.

Vanquished Creatures
  A gnoll (D:1)
  2 dart slugs (D:1)
  6 bats
  2 endoplasms (D:1)
  3 giant cockroaches (D:1)
  2 goblins (D:1)
  2 hobgoblins
  A quokka (D:1)
  A ball python (D:1)
  2 frilled lizards
  4 kobolds
  12 rats
38 creatures vanquished.

Notes
Turn   | Place    | Note
-------+----------+-------------------------------------------
     0 | D:1      | inmateoo the Demonspawn Wanderer began the quest for the
                  | Orb.
     0 | D:1      | inmateoo set off with the following items: a +0 club, a
                  | piece from Xom's chessboard (15/15), a scroll of fear, a +0
                  | robe, 2 scrolls of blinking; and the following spell
                  | memorised: Beastly Appendage; and the following spells
                  | available to memorise: Spider Form.
     0 | D:1      | Reached XP level 1. HP: 15/15 MP: 2/2
    76 | D:1      | Reached skill level 4 in Unarmed Combat
   101 | D:1      | Gained mutation: You may rarely emit foul miasma when
                  | damaged in melee. [demonic ancestry]
   101 | D:1      | Reached XP level 2. HP: 20/21 MP: 3/3
   513 | D:1      | Found a faded altar of an unknown god.
   564 | D:1      | Gained mutation: You sometimes emit foul miasma when
                  | damaged in melee. [demonic ancestry]
   564 | D:1      | Reached XP level 3. HP: 26/26 MP: 4/4
  1055 | D:2      | Slain by a gnoll

Illustrated notes

Levels and vault maps discovered:
D:1:      eino_arrival_tree_alley, layout_loops_ring,
          nicolae_ecumenical_lake_church, palyth_stone_intersect,
          minmay_rat_gold_closets
D:2:      wad_pebble_path, layout_loops_ring, kennysheep_generic_room_12

Skill      XL: |  1 |
---------------+----+-----
Unarmed Combat | 4 |  4.8
Fighting       | |  1.0
Spellcasting   | |  1.0
Transmutations | |  1.7
Evocations     | |  2.0

Action                     || total
---------------------------++-------
  Melee: Unarmed           ||   117
         Punch             ||     4
         Kick              ||     1
   Cast: Beastly Appendage ||     2
   Stab: Sleeping          ||     3
 Armour: Robe              ||    33
  Dodge: Dodged            ||    73

Table legend: (Time is in decaauts)
 A = Elapsed time spent in this place.
 B = Non-inter-level travel time spent in this place.
 C = Inter-level travel time spent in this place.
 D = Time resting spent in this place.
 E = Time spent auto-exploring this place.
 F = Levels seen in this place.
 G = Mean time per level.
                   A        B        C        D        E       F      G
               +--------+--------+--------+--------+--------+-----+--------+
         Total |   1048 |   1033 |     15 |    175 |    589 |   2 |  524.0 |
       Dungeon |   1048 |   1033 |     15 |    175 |    589 |   2 |  524.0 |
               +--------+--------+--------+--------+--------+-----+--------+

Top non-repeatable levels by time:
     D:1: 881 daAuts
     D:2: 167 daAuts
